 Dungeon Crawl Stone Soup version 0.18-a0-1303-g41c131c (webtiles) character file.

102 kae the Chopper (level 4, 0/39 HPs)
             Began as a Hill Orc Fighter on Feb 11, 2016.
             Slain by Natasha (2 damage)
             ... on level 2 of the Dungeon on Feb 12, 2016.
             The game lasted 00:03:16 (1617 turns).

kae the Chopper (Hill Orc Fighter)                  Turns: 1617, Time: 00:03:16

Health: 0/39       AC:  6    Str: 23    XL:     4   Next: 78%
Magic:  4/4        EV:  7    Int:  8    God:
Gold:   82         SH:  9    Dex: 11    Spells: 0 memorised, 3 levels left

rFire  + . .     SeeInvis .     a - +0 war axe
rCold  + . .     Gourm    .     b - +0 scale mail
rNeg   . . .     Faith    .     c - +0 shield
rPois  +         Spirit   .     o - +0 hat
rElec  +         Dismiss  .     (no cloak)
rCorr  +         Reflect  .     (no gloves)
SustAt .         Harm     .     (no boots)
MR     .....                    (no amulet)
Stlth  ..........               (no ring)
                                (no ring)

@: mighty, resistant, slowed, very slow, not resistant to hostile enchantments,
extremely unstealthy
A: no striking features
a: no special abilities


You were on level 2 of the Dungeon.
You were not hungry.

You visited 1 branch of the dungeon, and saw 2 of its levels.

You collected 82 gold pieces.

Inventory:

Hand Weapons
 a - a +0 war axe (weapon)
Armour
 b - a +0 scale mail (worn)
 c - a +0 shield (worn)
 k - a +0 cloak
 o - a +0 hat (worn)
Jewellery
 x - an uncursed ring of protection from magic {unknown}
Scrolls
 e - a scroll of enchant weapon {unknown}
 g - a scroll of teleportation {unknown}
 i - a scroll of remove curse {unknown}
 j - a scroll of random uselessness {unknown}
 n - 2 scrolls of identify {unknown}
 r - 2 scrolls of noise {unknown}
 s - a scroll of blinking {unknown}
 t - 3 scrolls of fear {unknown}
Potions
 h - a potion of resistance
 l - a potion of haste {unknown}
 m - a potion of brilliance {unknown}
 q - a potion of curing {unknown}
 w - a potion of agility {unknown}
Comestibles
 f - 3 bread rations
 p - a meat ration
 u - a slice of pizza
 v - a beef jerky


   Skills:
 - Level 3.6 Fighting
 + Level 6.3 Axes
 - Level 3.3 Armour
 - Level 3.3 Shields


You had 3 spell levels left.
You didn't know any spells.

Dungeon Overview and Level Annotations

Branches:
Dungeon (2/15)

Altars:

Annotations:
D:2 Natasha


Message History

Drink which item? (? for menu, Esc to quit)
It was a potion of resistance.
You feel protected. You block the crimson imp's attack.
Natasha completely misses you.
The crimson imp blinks!
Natasha stares at you and mumbles some strange words.
The magic dart hits you!
* * * LOW HITPOINT WARNING * * *
Unknown command.
Drink which item? (? for menu, Esc to quit)
You feel very mighty all of a sudden. Natasha claws you but does no damage.
Drink which item? (? for menu, Esc to quit)
Okay, then.
Your shield prevents you from hitting Natasha.
Natasha is moderately wounded.
Natasha claws you!
* * * LOW HITPOINT WARNING * * *
Natasha claws you.
You die...

...'...................+........>
...#.########......†...##########
####.# #..........# #.#
####.######'### #.#
#.....#####'### #.#
#.....##......#
####.#####......#......#
.........#....#.#......##
..##..........5.@h......#
..##..........#..###....# #####
..##..........#...##....# #....
..##.......(..#.#.##....# #....
..##..........#.#.##...†### #....
..##..........#.........'.###....
####..........####'#....#.##....<
..##......##### .......#.##.....
..##......# #....####.##.....


You could see Natasha and a crimson imp.

Vanquished Creatures
  Natasha (D:2)
  4 adders
  A worm (D:2)
  2 giant geckos
  6 bats
  3 giant cockroaches (D:2)
  3 goblins
  4 hobgoblins (D:1)
  3 kobolds (D:1)
  2 quokkas (D:2)
  6 giant newts
  5 rats
40 creatures vanquished.

Notes
Turn   | Place    | Note
--------------------------------------------------------------
     0 | D:1      | kae the Hill Orc Fighter began the quest for the Orb.
     0 | D:1      | Reached XP level 1. HP: 19/19 MP: 1/1
   112 | D:1      | Reached XP level 2. HP: 26/26 MP: 2/2
   178 | D:1      | Upgraded the game from 0.18-a0-1300-g6e8322c to 0.18-a0-1303-g41c131c
   185 | D:1      | Reached skill level 4 in Axes
   601 | D:1      | Reached XP level 3. HP: 25/31 MP: 3/3
   810 | D:2      | Noticed Natasha
   934 | D:2      | Killed Natasha
   934 | D:2      | Reached skill level 5 in Axes
   934 | D:2      | Reached XP level 4. HP: 32/39 MP: 4/4
  1106 | D:2      | Reached skill level 6 in Axes
  1600 | D:2      | Noticed Natasha
  1617 | D:2      | Slain by Natasha

Vault maps used:
D:1:      minmay_arrival_up_and_down
D:2:      uniq_natasha

Action                   |  1- 3 |  4- 6 || total
-------------------------+-------+-------++-------
Melee: War axe           |    63 |    63 ||   126
  Use: Potion            |       |     2 ||     2
  Eat: Chunk             |       |     2 ||     2
